 Dungeon Crawl Stone Soup version 0.24.0-123-gd5b16e6ec5 (webtiles) character file.

Game seed: 12289956108297266555, levelgen mode: deterministic

251680 Ununsept the Hoplite (level 19, 0/181 HPs)
             Began as a Minotaur Berserker on Feb 12, 2020.
             Was the Champion of Trog.
             Killed from afar by an ancient lich (30 damage)
             ... with a bolt of acid
             ... on level 3 of the Depths on Feb 13, 2020.
             The game lasted 05:45:21 (33473 turns).

Ununsept the Hoplite (Minotaur Berserker)          Turns: 33473, Time: 05:45:23

Health: 0/181      AC: 29    Str: 35 (36) XL:     19   Next: 33%
Magic:  27/27      EV: 12    Int:  7      God:    Trog [******]
Gold:   2123       SH: 19    Dex: 10      Spells: 18/18 levels left

rFire    . . .     SeeInvis +   d - +10 eveningstar of Sloth {crush, *Rage rElec rC+ Int+3}
rCold    + + +     Gourm    +   K - +1 shield {reflect}
rNeg     . . .     Faith    .   a - +5 plate armour {rPois}
rPois    +         Spirit   .   (helmet restricted)
rElec    +         Reflect  +   P - scarf {repulsion}
rCorr    .         Harm     .   r - +2 pair of gloves
MR       +++++     Rnd*Rage +   l - +2 pair of boots
Stlth    ..........             W - amulet of the gourmand
HPRegen  1.40/turn              s - ring "Nesuxif" {MR++ MP+9}
MPRegen  0.20/turn              q - ring of Incredulity {*Drain rC+++ Str+6 SInv}

@: berserk cooldown, regenerating, slowed, repel missiles, very slow
A: retaliatory headbutt, horns 2, deterioration 1
}: 1/15 runes: serpentine
a: Berserk, Trog's Hand, Brothers in Arms, Renounce Religion


You were on level 3 of the Depths.
You worshipped Trog.
Trog was exalted by your worship.
You were very full.

You visited 5 branches of the dungeon, and saw 32 of its levels.
You also visited: Sewer and Ice Cave.

You collected 3055 gold pieces.
You spent 932 gold pieces at shops.

Inventory:

Hand Weapons
 d - the +10 eveningstar of Sloth (weapon) {crush, *Rage rElec rC+ Int+3}
   (Trog gifted it to you on level 6 of the Lair of Beasts)

   It inflicts extra damage upon your enemies.
   It affects your intelligence (+3).
   It protects you from cold.
   It insulates you from electricity.
   It may make you go berserk in combat.
 y - a +3 morningstar of holy wrath
 D - a +5 antimagic demon whip
 E - a +8 antimagic morningstar
 O - the +10 morningstar "Eos" {elec, Halo rElec}
   (You found it on level 6 of the Lair of Beasts)

   Occasionally, upon striking a foe, it will discharge some electrical energy
   and cause terrible harm.
   It insulates you from electricity.
Missiles
 k - 14 curare-tipped darts
 w - 3 throwing nets
 B - 18 atropa-tipped darts
 H - 9 boomerangs of dispersal
 R - 21 silver javelins
 S - 39 boomerangs (quivered)
Armour
 a - a +5 plate armour of poison resistance (worn)
 l - a +2 pair of boots (worn)
 r - a +2 pair of gloves (worn)
 x - a +0 large shield
 K - a +1 shield of reflection (worn)
 N - +0 fire dragon scales
 P - a scarf of repulsion (worn)
 Y - a +1 cloak
Jewellery
 b - an uncursed ring of resist corrosion
 g - the ring "Dueleaff" {rPois rC+ Dex+7}
   (You found it on level 1 of the Lair of Beasts)

   [ring of poison resistance]

   It affects your dexterity (+7).
   It protects you from cold.
   It protects you from poison.
 o - an uncursed ring of flight
 q - the ring of Incredulity (right hand) {*Drain rC+++ Str+6 SInv}
   (You bought it in a shop on level 2 of the Orcish Mines)

   [ring of see invisible]

   It affects your strength (+6).
   It renders you almost immune to cold.
   It lets you see invisible.
   It causes draining when unequipped.
 s - the ring "Nesuxif" (left hand) {MR++ MP+9}
   (You found it on level 1 of the Snake Pit)

   [ring of magical power]

   It affects your resistance to hostile enchantments.
   It affects your magic capacity (+9).
 V - an uncursed ring of positive energy
 W - an amulet of the gourmand (around neck)
Wands
 f - a wand of polymorph (17)
 j - a wand of disintegration (20)
 m - a wand of digging (9)
 X - a wand of iceblast (10)
Scrolls
 p - 4 scrolls of magic mapping
 A - 4 scrolls of enchant armour
 F - 13 scrolls of teleportation
 G - 2 scrolls of fear
 J - a scroll of acquirement
 L - 3 scrolls of enchant weapon
 M - 2 scrolls of brand weapon {unknown}
 Q - 11 scrolls of remove curse
 Z - 3 scrolls of immolation {unknown}
Potions
 e - 6 potions of agility
 h - 5 potions of haste
 i - 4 potions of invisibility
 u - 4 potions of lignification
 v - 3 potions of cancellation
 z - 4 potions of curing
 C - 8 potions of flight
 T - a potion of resistance
 U - 2 potions of might
Miscellaneous
 n - a lightning rod (4/4)
 I - a lamp of fire
Comestibles
 c - 55 rations
 t - 3 chunks of flesh


   Skills:
 + Level 18.8 Fighting
 + Level 20.1 Maces & Flails
 + Level 8.9 Throwing
 + Level 15.9 Armour
 + Level 7.1 Dodging
 + Level 21.9 Shields
 + Level 0.1 Evocations


You had 18 spell levels left.
You didn't know any spells.
Your spell library was empty.

Dungeon Overview and Level Annotations

Branches:
Dungeon (15/15)            Temple (0/1) D:4            Lair (6/6) D:11
 Shoals (0/4) Lair:2        Snake (4/4) Lair:2        Slime (0/5) Lair:6
    Orc (2/2) D:9             Elf (0/3) Orc:2        Vaults (0/5) D:13
 Depths (5/5) D:15          Sewer (visited)           IceCv (visited)
    Zot: Depths:5

Altars:
Ashenzari
Cheibriados
Elyvilon
Fedhas
Hepliaklqana
Makhleb
Okawaru
Qazlal
Ru
Sif Muna
Uskayaw
Wu Jian
Xom
Yredelemnul
Jiyva

Shops:
D:11 [   Orc:2 *[=(   Snake:1 =[(}   Snake:3 (

Portals:
Hell: Depths:1 Depths:2 Depths:3 Depths:4
Pandemonium: Depths:3
Ziggurat: Depths:1
Trove: D:10 (give 16 potions of curing)

Annotations:
D:12 2 transporters
D:14 Roxanne
Lair:3 exclusion: 3 oklob plants
Lair:6 1 runed translucent door (dragon with gold)


Innate Abilities, Weirdness & Mutations

You reflexively headbutt those who attack you in melee.
You have a pair of horns on your head.
Your body sometimes deteriorates upon taking damage.


Message History

Press: ? - help, v - describe, . - travel, g - get item
Here: a crawling corpse A +0 giant spiked club.
There is something else lying underneath.
The floor, spattered with blood.
Your iron troll goes berserk!
The ancient lich touches you but does no damage.
The ancient lich points at you and mumbles some strange words.
The bolt of acid hits you!!
* * * LOW HITPOINT WARNING * * *
You are splashed with acid!
* * * LOW HITPOINT WARNING * * *
You swap places.
The ancient lich seems less brilliant.
The ogre mage seems less brilliant.
The ancient lich touches your iron troll!
The ancient lich is empowered by something's aura!
The ancient lich gestures at you while chanting.
The bolt of acid hits your iron troll!
Your iron troll is splashed with acid.
The bolt of acid hits you!!
You die... ## #.##. .%# ##.## ##'## #.#.
O.... #.## ###uOe../ #.# #X#COu>.. #.## #xLCyyu>.

#.#. #T# #.#
#@# #.# #x##
##.# ##.#
##.## #.##
###.##
##.#######.?##
##..†††..###
#########


You could see an ancient lich, a stone giant, a white ugly thing, a two-headed
ogre, a large abomination, an ogre, 2 crawling corpses and a friendly iron troll
(berserk).

Vanquished Creatures
  Saint Roka (Depths:4)
  Nikola (Depths:2)
  Jorgrun (Orc:1)
  3 liches
  7 nagarajas
  12 frost giants
  2 fire giants
  Aizul (Snake:2)
  An orc warlord (Orc:2)
  2 stone giants
  19 very ugly things
  A vampire knight (Depths:4)
  A dire elephant (D:15)
  5 spark wasps (Depths:3)
  2 ettins
  A green death (Depths:3)
  3 fire dragons
  Josephine (D:14)
  The ghost of Purph the Cleaver, a journeyman MiBe of Trog (Lair:1)
  12 naga warriors
  4 ice dragons
  4 hydras
  4 great orbs of eyes
  A rakshasa (Depths:2)
  A catoblepas (Lair:3)
  A hell beast (Depths:1)
  4 spriggan air magi
  8 centaur warriors
  10 anacondas
  6 death yaks
  20 two-headed ogres
  A deep troll shaman (Depths:3)
  5 ogre magi
  3 tengu warriors
  2 deep troll earth magi
  5 orc high priests (Orc:2)
  5 shock serpents
  15 naga sharpshooters
  5 spriggan berserkers
  A spriggan (Depths:2)
  A salamander mystic (Snake:2)
  9 slime creatures
  A glowing orange brain (Depths:2)
  7 deep trolls
  12 sea snakes
  An unseen horror (D:15)
  A gelid demonspawn (Depths:3)
  4 naga ritualists
  A wizard (Depths:3)
  Pikel (D:5)
  2 lindwurms (Lair:6)
  3 orc knights (Orc:2)
  A wolf spider (D:15)
  5 mana vipers
  A deep elf mage (D:14)
  6 orc sorcerers
  16 ugly things
  5 cyclopes
  3 manticores
  12 salamanders
  A moth of wrath (shapeshifter) (D:13)
  8 elephants
  An ice statue (IceCv)
  11 naga magi
  2 rust devils
  Maurice (D:8)
  6 guardian serpents (Snake:4)
  41 black mambas
  13 spiny frogs
  A gargoyle (D:14)
  A smoke demon (Depths:3)
  A rime drake (Lair:5)
  8 torpor snails
  3 centaur skeletons
  A demonic crawler (Lair:3)
  15 yaktaurs
  A hellwing (Depths:3)
  8 komodo dragons
  An ice devil (Depths:3)
  2 kobold demonologists (D:14)
  A queen bee (Lair:1)
  A tengu conjurer (Depths:2)
  3 trolls
  A troll (shapeshifter) (Depths:4)
  27 polar bears
  3 tyrant leeches (Lair:6)
  10 hornets
  5 raiju (Lair:6)
  13 dream sheep
  5 blink frogs (Lair:5)
  A snapping turtle (Lair:2)
  A stone giant simulacrum (Depths:1)
  8 hippogriffs
  2 shadows
  10 wyverns
  8 wraiths
  3 flying skulls (Depths:1)
  51 yaks
  3 vampires
  2 vampire mosquitoes (D:13)
  A fire elemental (D:15)
  A steam dragon (D:12)
  3 hungry ghosts
  A fire bat (shapeshifter) (Depths:3)
  3 basilisks
  3 chaos spawn
  Menkaure (D:4)
  3 swamp worms (Lair:3)
  4 wargs (Lair:6)
  13 hell hounds
  32 nagas
  A floating eye (Depths:2)
  8 porcupines
  9 water moccasins
  36 orc warriors
  15 ice beasts
  A black bear (shapeshifter) (D:13)
  6 sky beasts
  A tengu (shapeshifter) (D:15)
  13 black bears
  A necrophage (D:7)
  A phantom (D:9)
  22 centaurs
  46 wolves
  29 ogres
  3 boggarts (D:15)
  5 big kobolds
  17 crocodiles
  13 bullfrogs
  A wyvern skeleton (D:14)
  A water moccasin zombie (D:9)
  2 scorpions
  A water moccasin skeleton (D:6)
  13 wights
  15 killer bees
  An electric eel (Snake:3)
  A centaur zombie (D:9)
  4 howler monkeys
  13 crimson imps
  8 hounds
  A quasit (Depths:3)
  A bullfrog zombie (D:11)
  9 jellies
  21 orc priests
  Crazy Yiuf (D:3)
  5 bullfrog skeletons
  4 iguanas
  Natasha (D:3)
  34 orc wizards
  13 worker ants
  A howler monkey zombie (D:6)
  A worker ant zombie (D:7)
  13 adders
  A howler monkey skeleton (D:6)
  A river rat (Lair:1)
  A shadow imp (D:5)
  2 white imps (Depths:3)
  4 oozes
  An adder zombie (D:5)
  2 worms
  2 dart slugs
  5 leopard geckos
  98 orcs
  2 ball pythons (Sewer)
  12 bats
  10 giant cockroaches
  8 hobgoblins
  14 jackals
  16 kobolds
  6 quokkas
  A ball python skeleton (D:5)
  6 frilled lizards
  10 goblins
  A leopard gecko zombie (D:8)
  4 rats
  A fungus (Lair:1)
  3 plants
1226 creatures vanquished.

Vanquished Creatures (collateral kills)
  A shadow dragon (Depths:5)
  A nagaraja (Snake:4)
  A yaktaur captain (Depths:5)
  A great orb of eyes (Depths:5)
  A naga warrior (Snake:4)
  A spriggan air mage (Depths:5)
  A tengu warrior (Depths:5)
  A tarantella (shapeshifter) (Depths:5)
  2 nagas (Snake:4)
10 creatures vanquished.

Vanquished Creatures (others)
  An unseen horror (shapeshifter) (D:13)
  A wight (D:10)
  A hound (D:5)
  An adder (D:5)
  A bush (Lair:6)
  12 fungi (Lair:6)
  27 plants
44 creatures vanquished.

Grand Total: 1280 creatures vanquished

Notes
Turn   | Place    | Note
-------+----------+-------------------------------------------
     0 | D:1      | Ununsept the Minotaur Berserker began the quest for the
                  | Orb.
     0 | D:1      | Reached XP level 1. HP: 19/19 MP: 0/0
   326 | D:1      | Reached XP level 2. HP: 27/27 MP: 1/1
   528 | D:2      | Reached ** piety under Trog
   528 | D:2      | Reached XP level 3. HP: 27/33 MP: 2/2
  1354 | D:2      | Reached XP level 4. HP: 36/41 MP: 3/3
  1822 | D:3      | Reached skill level 5 in Maces & Flails
  2161 | D:3      | Found an ornate altar of the Wu Jian Council.
  2162 | D:3      | Noticed Natasha
  2168 | D:3      | Killed Natasha
  2168 | D:3      | Reached *** piety under Trog
  2168 | D:3      | Reached XP level 5. HP: 47/47 MP: 4/4
  2169 | D:3      | Found a stormy altar of Qazlal.
  2169 | D:3      | Found a hazy altar of Hepliaklqana.
  2175 | D:3      | Found a hide-covered altar of Uskayaw.
  2511 | D:3      | Found a runed translucent door.
  2512 | D:3      | Noticed Crazy Yiuf
  2517 | D:3      | Killed Crazy Yiuf
  2517 | D:3      | Reached skill level 5 in Fighting
  2701 | D:4      | Found a glowing drain.
  2792 | D:4      | Reached XP level 6. HP: 44/56 MP: 5/5
  2974 | D:4      | Noticed Menkaure
  2980 | D:4      | Killed Menkaure
  2980 | D:4      | Reached skill level 1 in Shields
  3031 | D:4      | Found a staircase to the Ecumenical Temple.
  3042 | D:4      | You fall into a shaft and drop 1 floor!
  3042 | D:5      | Entered Level 5 of the Dungeon
  3103 | D:4      | Reached XP level 7. HP: 61/61 MP: 6/6
  3125 | D:4      | Reached skill level 2 in Shields
  3332 | D:4      | Found a sacrificial altar of Ru.
  3374 | Sewer    | Entered a sewer
  3383 | Sewer    | Reached **** piety under Trog
  3869 | D:4      | Reached skill level 3 in Shields
  4571 | D:5      | Noticed Pikel
  4584 | D:5      | Killed Pikel
  4584 | D:5      | Reached skill level 5 in Armour
  4584 | D:5      | Reached skill level 4 in Shields
  4584 | D:5      | Reached XP level 8. HP: 70/70 MP: 7/7
  4641 | D:5      | Reached skill level 5 in Shields
  5579 | D:6      | Reached skill level 5 in Dodging
  5818 | D:6      | Reached skill level 6 in Shields
  5932 | D:6      | Reached XP level 9. HP: 78/78 MP: 8/8
  6009 | D:6      | Reached skill level 1 in Throwing
  6488 | D:7      | Found a shimmering altar of Xom.
  6530 | D:7      | Found a shattered altar of Ashenzari.
  6538 | D:7      | Found an iron altar of Okawaru.
  6590 | D:7      | Found a white marble altar of Elyvilon.
  6590 | D:7      | Found a burning altar of Makhleb.
  6812 | D:7      | Reached skill level 7 in Shields
  7074 | D:8      | Noticed Maurice
  7092 | D:8      | Killed Maurice
  7092 | D:8      | Reached skill level 10 in Maces & Flails
  7114 | D:8      | Reached ***** piety under Trog
  7121 | D:8      | Reached skill level 8 in Shields
  7366 | D:8      | Reached XP level 10. HP: 82/86 MP: 9/9
  7675 | D:9      | Found a staircase to the Orcish Mines.
  7722 | D:9      | Found the +7 mace of Variability {chain chaos}
  7722 | D:9      | Found a shimmering altar of Xom.
  7870 | D:9      | Reached skill level 9 in Shields
  7923 | D:9      | Found a blossoming altar of Fedhas.
  8064 | D:9      | Found a shimmering blue altar of Sif Muna.
  8212 | D:10     | Entered Level 10 of the Dungeon
  8318 | D:10     | Received a gift from Trog
  8646 | D:10     | Received a gift from Trog
  8786 | D:10     | Found a portal to a secret trove of treasure.
  9263 | D:11     | Found a staircase to the Lair.
  9263 | D:11     | Noticed an elephant
  9269 | D:11     | Received a gift from Trog
  9269 | D:11     | Reached XP level 11. HP: 95/95 MP: 10/10
 10011 | D:11     | Found Feeleano's Antique Armour Shoppe.
 10268 | D:12     | Noticed a two-headed ogre
 10289 | D:12     | Noticed an ettin
 10294 | D:12     | Noticed a harpy
 10302 | D:12     | Found a transporter.
 10303 | D:12     | Found the +8 demon trident "Rift" {distort, reach+}
 10308 | D:12     | Noticed an iron dragon
 10312 | D:12     | Noticed a cyan ugly thing
 10322 | D:12     | Killed a cyan ugly thing
 10330 | D:12     | Noticed a two-headed ogre
 10345 | D:12     | Killed a two-headed ogre
 10521 | D:12     | Found a transporter.
 10625 | D:12     | Noticed a two-headed ogre
 10642 | D:12     | Killed a two-headed ogre
 10804 | D:12     | Reached skill level 5 in Throwing
 11450 | D:13     | Reached skill level 10 in Fighting
 11523 | D:13     | Received a gift from Trog
 11573 | D:13     | Reached skill level 10 in Shields
 11584 | D:13     | Noticed an anaconda
 11587 | D:13     | Noticed a sea snake
 11587 | D:13     | an anaconda changed into a sea snake
 11595 | D:13     | a sea snake changed into an eye of devastation
 11867 | D:13     | Found a gate to the Vaults.
 11867 | D:13     | Noticed a centaur warrior
 11869 | D:13     | Noticed an unseen horror
 11869 | D:13     | a hippogriff changed into an unseen horror
 11873 | D:13     | Killed an unseen horror
 11875 | D:13     | Reached XP level 12. HP: 107/107 MP: 3/11
 11882 | D:13     | Killed a centaur warrior
 12168 | D:13     | Noticed a centaur warrior
 12172 | D:13     | Reached skill level 10 in Armour
 12186 | D:13     | Killed a centaur warrior
 12247 | D:14     | Identified Roxanne's Guide on Clay
 12247 | D:14     | Noticed Roxanne
 12247 | D:14     | Noticed a centaur warrior
 12258 | D:13     | Killed a centaur warrior
 12310 | D:14     | Received a gift from Trog
 12604 | D:14     | Reached skill level 11 in Shields
 12717 | D:14     | Noticed an ogre mage
 12720 | D:14     | Noticed a two-headed ogre
 12722 | D:14     | Noticed a two-headed ogre
 12727 | D:14     | Noticed Josephine
 12729 | D:14     | Killed an ogre mage
 12735 | D:14     | Killed a two-headed ogre
 12735 | D:14     | Noticed a two-headed ogre
 12739 | D:14     | Killed a two-headed ogre
 12742 | D:14     | Killed Josephine
 12755 | D:14     | Killed a two-headed ogre
 13116 | D:14     | Reached skill level 12 in Shields
 13476 | D:15     | Entered Level 15 of the Dungeon
 13505 | D:15     | Reached XP level 13. HP: 116/116 MP: 4/12
 13580 | D:15     | Reached ****** piety under Trog
 13586 | D:15     | Received a gift from Trog
 13606 | D:15     | Found a frozen archway.
 13666 | IceCv    | Entered an ice cave
 14084 | IceCv    | Reached skill level 13 in Shields
 14524 | IceCv    | Noticed a frost giant
 14551 | IceCv    | Killed a frost giant
 14551 | IceCv    | Reached skill level 15 in Maces & Flails
 15128 | D:15     | Received a gift from Trog
 15159 | D:15     | Found a staircase to the Depths.
 15159 | D:15     | Noticed a dire elephant
 15181 | D:15     | Killed a dire elephant
 15531 | D:15     | Reached skill level 14 in Shields
 15952 | Lair:1   | Entered Level 1 of the Lair of Beasts
 16386 | Lair:1   | Found a transporter.
 16388 | Lair:1   | Found a transporter.
 16388 | Lair:1   | Noticed Purph's ghost (journeyman MiBe)
 16708 | Lair:1   | Reached XP level 14. HP: 127/127 MP: 4/13
 17239 | Lair:2   | Found a staircase to the Shoals.
 17430 | Lair:2   | Found a staircase to the Snake Pit.
 17862 | Lair:3   | Received a gift from Trog
 18844 | Lair:3   | Received a gift from Trog
 19629 | Lair:4   | Found a runed translucent door.
 19880 | Lair:4   | Received a gift from Trog
 20024 | Lair:5   | Reached skill level 15 in Shields
 20823 | Lair:6   | Entered Level 6 of the Lair of Beasts
 20849 | Lair:6   | Received a gift from Trog
 20984 | Lair:6   | Received a gift from Trog
 20990 | Lair:6   | Got a fine eveningstar {god gift}
 20991 | Lair:6   | Identified the +10 eveningstar of Sloth {crush, *Rage rElec
                  | rC+ Int+3} (Trog gifted it to you on level 6 of the Lair of
                  | Beasts)
 21036 | Lair:6   | Found a runed translucent door.
 21433 | Lair:6   | Paralysed by a hornet for 3 turns
 21680 | Lair:6   | Found a runed translucent door.
 21680 | Lair:6   | Found a viscous altar of Jiyva.
 21712 | Lair:6   | Reached XP level 15. HP: 105/137 MP: 14/14
 21864 | Lair:6   | Found a staircase to the Slime Pits.
 21971 | Lair:6   | Reached skill level 16 in Shields
 22246 | Lair:6   | Received a gift from Trog
 22439 | Lair:6   | Found the +10 morningstar "Eos" {elec, Halo rElec}
 22860 | Lair:1   | Killed Purph's ghost
 22869 | Lair:1   | Received a gift from Trog
 22931 | Lair:1   | Got a sparkling bone ring
 22933 | Lair:1   | Identified the ring "Dueleaff" {rPois rC+ Dex+7} (You found
                  | it on level 1 of the Lair of Beasts)
 23227 | Orc:1    | Entered Level 1 of the Orcish Mines
 23227 | Orc:1    | Noticed Jorgrun
 23234 | Orc:1    | Killed Jorgrun
 23597 | Orc:2    | Entered Level 2 of the Orcish Mines
 23687 | Orc:2    | Found a staircase to the Elven Halls.
 23885 | Orc:2    | Received a gift from Trog
 23889 | Orc:2    | Got an encrusted morningstar {god gift}
 23890 | Orc:2    | Identified the +2 morningstar of Xotidghea {crush, rElec
                  | Str-5 Int+4 Stlth+} (Trog gifted it to you on level 2 of
                  | the Orcish Mines)
 24021 | Orc:2    | Gained mutation: Your body sometimes deteriorates upon
                  | taking damage. [a neqoxec]
 24025 | Orc:2    | Noticed an orc warlord
 24047 | Orc:2    | Killed an orc warlord
 24057 | Orc:2    | Reached skill level 17 in Shields
 24084 | Orc:2    | Received a gift from Trog
 24496 | Orc:2    | Found Gozikh's General Store.
 24497 | Orc:2    | Found Putaduwn's Jewellery Boutique.
 24499 | Orc:2    | Found Vihehah's Antique Armour Boutique.
 24499 | Orc:2    | Found Dedwol's Antique Weapon Shop.
 24565 | Orc:2    | Bought a scroll of identify for 36 gold pieces
 24570 | Orc:2    | Bought the ring of Incredulity {*Drain rC+++ Str+6 SInv}
                  | for 896 gold pieces
 25055 | Snake:1  | Entered Level 1 of the Snake Pit
 25074 | Snake:1  | Got a scorched tin ring
 25076 | Snake:1  | Identified the ring "Nesuxif" {MR++ MP+9} (You found it on
                  | level 1 of the Snake Pit)
 25178 | Snake:1  | Reached skill level 15 in Fighting
 25195 | Snake:1  | Found Kaepeh's Armour Emporium.
 25208 | Snake:1  | Found Tovvo's Gadget Shoppe.
 25208 | Snake:1  | Found Bunufotu's Jewellery Emporium.
 25225 | Snake:1  | Found High's Antique Weapon Shoppe.
 25275 | Snake:1  | Reached XP level 16. HP: 140/149 MP: 15/15
 25807 | Snake:2  | Received a gift from Trog
 26213 | Snake:2  | Noticed Aizul
 26219 | Snake:2  | Killed Aizul
 26917 | Snake:3  | Reached skill level 18 in Shields
 27050 | Snake:3  | Received a gift from Trog
 27085 | Snake:3  | Found Utavery's Weapon Shoppe.
 27401 | Snake:4  | Entered Level 4 of the Snake Pit
 27549 | Snake:4  | Received a gift from Trog
 28135 | Snake:4  | Reached XP level 17. HP: 158/158 MP: 16/16
 28367 | Snake:4  | Reached skill level 19 in Shields
 29154 | Snake:4  | Received a gift from Trog
 29182 | Snake:4  | Identified a scroll of acquirement
 29223 | Snake:4  | Got a serpentine rune of Zot
 29688 | Depths:1 | Entered Level 1 of the Depths
 29776 | Depths:1 | Found a gateway to a ziggurat.
 29822 | Depths:1 | Reached skill level 15 in Armour
 29893 | Depths:1 | Noticed a lich
 29901 | Depths:1 | Killed a lich
 29917 | Depths:1 | Reached skill level 20 in Shields
 29951 | Depths:1 | Found a shimmering altar of Xom.
 29953 | Depths:1 | Found a shimmering blue altar of Sif Muna.
 29953 | Depths:1 | Found a shimmering altar of Xom.
 29955 | Depths:1 | Found a snail-covered altar of Cheibriados.
 29955 | Depths:1 | Found a sacrificial altar of Ru.
 29955 | Depths:1 | Found a basalt altar of Yredelemnul.
 30269 | Depths:1 | Found a gateway to Hell.
 30634 | Depths:2 | Received a gift from Trog
 30682 | Depths:2 | Noticed Nikola
 30704 | Depths:2 | Killed Nikola
 30919 | Depths:2 | Reached XP level 18. HP: 170/170 MP: 17/17
 31155 | Depths:2 | Noticed a lich
 31168 | Depths:2 | Killed a lich
 31307 | Depths:2 | Found a blossoming altar of Fedhas.
 31318 | Depths:2 | Noticed a lich
 31342 | Depths:2 | Killed a lich
 31354 | Depths:2 | Paralysed by a floating eye for 2 turns
 31362 | Depths:2 | Paralysed by a floating eye for 3 turns
 31367 | Depths:2 | Paralysed by a floating eye for 4 turns
 31375 | Depths:2 | Paralysed by a floating eye for 3 turns
 31758 | Depths:2 | You fall into a shaft and drop 2 floors!
 31884 | Depths:5 | Entered Level 5 of the Depths
 31900 | Depths:4 | Noticed Saint Roka
 31908 | Depths:4 | Reached skill level 21 in Shields
 31925 | Depths:5 | Received a gift from Trog
 32212 | Depths:4 | Paralysed by the power of Zot for 3 turns
 32305 | Depths:4 | Killed Saint Roka
 32427 | Depths:4 | Identified the cursed +1 mace of Fukeu {drain, rPois}
 32913 | Depths:3 | Reached XP level 19. HP: 180/180 MP: 18/18
 33240 | Depths:3 | Received a gift from Trog
 33254 | Depths:3 | Found a one-way gate leading to the halls of Pandemonium.
 33449 | Depths:3 | Received a gift from Trog
 33450 | Depths:3 | Noticed an ancient lich
 33473 | Depths:3 | Killed from afar by an ancient lich

Levels and vault maps discovered:
D:1:      saegor_arrival_simple_c, layout_rooms, due_unseen_surprise
D:2:      layout_loops_ring, minmay_circle_x
D:3:      layout_basic, minitemple, uniq_natasha, uniq_crazy_yiuf_cottage
D:4:      layout_loops_ring, nicolae_ru_awakened_eye, minmay_temple_entry_glass,
          portal_sewer_entry_f, uniq_menkaure
D:5:      layout_basic, first_ration, serial_corexii_hall,
          corexii_hall_statues_i, corexii_hall_statues_t,
          corexii_hall_statues_x, corexii_hall_statues_l, kennysheep_nub,
          uniq_pikel
D:6:      layout_loops_cross
D:7:      layout_loops_ring, grunt_temple_overflow_open, basic_altar
D:8:      layout_rooms, grunt_ogre_cave, uniq_maurice
D:9:      layout_rooms, lemuel_blue_sif_altar, lemuel_doored_altar, orc_0_dummy,
          minmay_guarded_unrand_variability
D:10:     lemuel_ice_spiral_2, layout_irregular_city,
          nicolae_trove_entry_columns, kennysheep_generic_room_2
D:11:     layout_cave_pods, david_lair_generic, serial_shops, shop
D:12:     gammafunk_sealed_arena, layout_rooms, serial_co_window_serial,
          co_window_of_opportunity_a, co_window_paths_b, co_window_cross_1,
          co_window_paths_b, co_window_paths_b, co_window_paths_b,
          co_window_2corner, co_window_of_opportunity_b,
          co_window_unsneaky_path_c, co_window_sun, co_window_4corner_a,
          glass_columns_a
D:13:     layout_roguey, david_vaults_2
D:14:     layout_cave_pools, minmay_misc_feat_encased,
          minmay_unpleasant_kobolds, uniq_roxanne, uniq_josephine
D:15:     hangedman_depths_entry_try_elsewhere_first, layout_irregular_city,
          portal_ice_cave_entry_ice_beasts, kennysheep_doodads,
          serial_bayou_pond_d, nicolae_sextant
Lair:1:   layout_gridlike, gammafunk_ghost_hive, pond
Lair:2:   layout_long_grid, minmay_shoals_entry_hut, dummy_snake_entry,
          lemuel_fruit_fields
Lair:3:   layout_chaotic_city, worms_lemuel, minmay_lair_oklob_chamber,
          grunt_megastairs_3
Lair:4:   layout_cave_pods, chequers_serial_rivers_micro_c, pf_torpor_hydra
Lair:5:   layout_regular_city, minmay_hedge_maze
Lair:6:   wormcave, layout_gridlike, hangedman_lair_caniforms_friends,
          slime_altar_2
Snake:1:  layout_rooms, minmay_shoptagon, lemuel_fruit_tree
Snake:2:  layout_layer_cave, serial_bayou_shore_b, uniq_aizul
Snake:3:  layout_basic, serial_shops, shop, nrook_loot_triangle
Snake:4:  grunt_snake_rune_pools, layout_basic
Orc:1:    layout_caves, uniq_jorgrun
Orc:2:    st_orc_congregation, layout_caves
Depths:1: layout_gridville, enter_ziggurat_d, grunt_mini_vestibule,
          ebering_dispersal_statue_hall, st_stairs_8, statue_in_the_mist_lemuel,
          doesnt_xom_only_xom
Depths:2: minmay_the_grid_triangle_9x9_recursive_2_mashed
          [minmay_the_grid_triangle_9x9_prize_center,
          minmay_the_grid_triangle_9x9_shrine,
          minmay_the_grid_triangle_9x9_descending_squares,
          minmay_the_grid_triangle_9x9_longest], layout_cave_shapes, hell_entry,
          nicolae_two_hexagons, uniq_nikola
Depths:3: grunt_deathspiral_small, layout_gridlike, abyss_entry, hell_entry,
          grunt_pan_entry_zigzag, cheibriados_altar_1, grunt_ministairs_5,
          infiniplex_staircase_zigzag_4
Depths:4: gammafunk_corrupted_shrine, layout_basic, minmay_room_of_horrors,
          grunt_hell_entry_dis_grunt, nrook_campfire, serial_bayou_shore_b,
          minmay_staircase_bubble, uniq_saint_roka
Depths:5: evilmike_zot_entry_basic, layout_cave_pools,
          chequers_serial_rivers_micro_e, hangedman_coc_ice_floe,
          grunt_pan_entry_in_and_out, horrible_house_mu

Skill      XL: |  1  2  3  4  5  6  7  8  9 10 11 12 13 14 15 16 17 18 19 |
---------------+----------------------------------------------------------+-----
Maces & Flails | 4 5 6 7 8 9 10 12 13 14 15 16 17 18 19 20 | 20.1
Fighting       | 4 5 6 7 8 10 11 12 13 15 16 17 18 | 18.8
Dodging        | 3 4 5 6 7 |  7.1
Armour         | 3 5 7 8 9 10 11 12 13 14 15 | 15.9
Shields        | 1 4 6 8 9 10 12 14 15 17 18 20 21 | 21.9
Throwing       | 2 4 5 7 8 |  8.9
Evocations     | |  0.1

Action                   |  1- 3 |  4- 6 |  7- 9 | 10-12 | 13-15 | 16-18 | 19-21 || total
-------------------------+-------+-------+-------+-------+-------+-------+-------++-------
Melee: Mace              |    82 |    52 |       |       |       |       |       ||   134
       Headbutt          |    10 |    16 |    62 |   123 |   346 |   246 |    35 ||   838
       Flail             |       |    48 |   413 |   447 |   165 |       |       ||  1073
       Great mace        |       |       |       |   132 |       |       |       ||   132
       Demon whip        |       |       |       |       |   782 |       |       ||   782
       Eveningstar       |       |       |       |       |   344 |   578 |   127 ||  1049
       Morningstar       |       |       |       |       |   213 |   250 |       ||   463
Throw: Dart              |       |       |     8 |       |       |     9 |       ||    17
       Boomerang         |       |       |    26 |    96 |    70 |    11 |       ||   203
Invok: Berserk           |     2 |     9 |     7 |     6 |    12 |    19 |     2 ||    57
       Trog's Hand       |       |       |     2 |     1 |     7 |     8 |     1 ||    19
       Brothers in Arms  |       |       |       |       |       |     4 |     1 ||     5
Evoke: Lamp of fire      |       |       |       |       |       |     1 |       ||     1
  Use: Scroll            |     3 |     4 |     5 |     5 |    16 |    11 |       ||    44
       Potion            |       |       |       |       |       |     9 |       ||     9
 Stab: Paralysed         |       |       |       |     1 |       |       |       ||     1
       Distracted        |       |       |       |       |       |     1 |       ||     1
  Eat: Chunk             |     3 |    13 |    13 |    25 |    58 |    45 |     4 ||   161
       Ration            |       |       |     3 |     3 |       |     1 |       ||     7
Armor: Animal skin       |    12 |       |       |       |       |       |       ||    12
       Ring mail         |       |    17 |    79 |       |       |       |       ||    96
       Leather armour    |       |     1 |       |       |       |       |       ||     1
       Plate armour      |       |       |    62 |   195 |   335 |   206 |    31 ||   829
Dodge: Dodged            |    46 |    48 |   103 |   106 |   209 |   169 |    20 ||   701
       Deflected         |       |       |     2 |    11 |    10 |    43 |       ||    66
Block: Large shield      |       |    25 |   349 |   353 |  1161 |   854 |     1 ||  2743
       Shield            |       |       |       |       |       |       |    62 ||    62
